 Dungeon Crawl Stone Soup version 0.31.0-4-g52a2dc7128 (webtiles) character file.

Game seed: 7996901762971992671

6388 boopmooplesden the Protected (level 10, -2/84 HPs)
             Began as an Armataur Berserker on Jan 22, 2024.
             Was a Priest of Trog.
             Slain by a warg (18 damage)
             ... on level 9 of the Dungeon.
             The game lasted 00:15:35 (8762 turns).

boopmooplesden the Protected (Armataur Berserker)   Turns: 8762, Time: 00:15:36

Health: -2/84      AC: 14    Str: 26    XL:     10   Next: 66%
Magic:  10/10      EV:  6    Int:  7    God:    Trog [***...]
Gold:   342        SH: 10    Dex: 11    Spells: 9/9 levels left

rFire   + . .        J - +3 scimitar (flame)
rCold   + . .        I - +0 buckler
rNeg    + . .        E - +1 plate armour
rPois   +            (no helmet)
rElec   +            m - +0 cloak
rCorr   +            (no gloves)
SInv    .            (no barding)
Will    ++...        c - amulet of reflection Stlth
                     f - ring of poison resistance
HPRegen 1.34/turn    l - ring of positive energy
MPRegen 0.12/turn

%: reflection, roll
@: resistant, strong-willed, on berserk cooldown, regenerating, hasted and
slowed
A: large, deformed body, tough skin 3, armoured tail, roll 2
a: Renounce Religion, Berserk, Trog's Hand


You were on level 9 of the Dungeon.
You worshipped Trog.
Trog was most pleased with you.
You visited 1 branch of the dungeon, and saw 9 of its levels.
You also visited: Ossuary.

You collected 342 gold pieces.

Inventory:

Hand Weapons
 a - a +1 falchion of venom
 n - a +2 falchion of freezing
 J - a +3 scimitar of flaming (weapon)
Armour
 b - a +0 animal skin
 d - a +0 ring mail
 i - a +0 scale mail
 m - a +0 cloak (worn)
 E - a +1 plate armour (worn)
 I - a +0 buckler (worn)
Jewellery
 c - an amulet of reflection (around neck)
 f - a ring of poison resistance (left hand)
 l - a ring of positive energy (right hand)
 t - an amulet of guardian spirit
 G - a ring of magical power
 L - a ring of resist corrosion
Talismans
 r - a blade talisman
Wands
 y - a wand of digging (4)
 K - a wand of polymorph (5)
Scrolls
 e - 7 scrolls of identify
 g - a scroll of revelation
 j - a scroll of enchant weapon
 H - a scroll of fog
Potions
 k - a potion of enlightenment {unknown}
 o - a potion of magic {unknown}
 p - 2 potions of brilliance {unknown}
 q - 4 potions of haste
 s - 3 potions of lignification {unknown}
 u - a potion of ambrosia {unknown}
 w - 2 potions of mutation {unknown}
 x - a potion of berserk rage
 z - a potion of attraction {unknown}
 A - a potion of resistance
 B - a potion of might {unknown}


   Skills:
 + Level 6.8 Fighting
 + Level 9.6 Long Blades
 + Level 9.6 Armour
 + Level 4.1 Dodging
 + Level 1.9 Stealth
 + Level 5.7 Shields


You had 9 spell levels left.
You didn't know any spells.
Your spell library was empty.

Dungeon Overview and Level Annotations

Branches:
Dungeon (9/15)             Temple (0/1) D:5         Ossuary (visited)
   Lair: D:8-11         Orc: D:9-12

Altars:
Cheibriados
Nemelex Xobeh
Okawaru
Qazlal
Uskayaw
Vehumet
Wu Jian
Xom
Zin

Shops:
D:5 [


Innate Abilities, Weirdness & Mutations

Armour fits poorly on your strangely shaped body.
You have extremely tough skin. (AC +3)
You have a long armoured tail.
You regenerate magic and health when rolling toward enemies. (Rampage Regen)


Message History

You block the killer bee's attack. The killer bee closely misses you.
A warg comes into view.
The orc is engulfed in poison gas.
The orc is poisoned.
You kill the orc!
Trog accepts your kill. The gnoll barely misses you.
Okay, then.
Your skin crawls.
You feel strong-willed.
The warg howls!
You hear a shout!
The killer bee barely misses you. You block the killer bee's attack.
You block the hound's attack. The orc wizard barely misses you.
The killer bee barely misses you.
The killer bee stings you but does no damage.
The warg bites you!
* * * LOW HITPOINT WARNING * * *
The gnoll hits you from afar with a +0 spear.
* * * LOW HITPOINT WARNING * * *
The hound bites you.
* * * LOW HITPOINT WARNING * * *
It was a potion of resistance.
You feel protected. You block the killer bee's attack.
The killer bee stings you but does no damage.
The orc wizard hits you but does no damage.
The warg bites you but does no damage.
The killer bee stings you but does no damage.
The killer bee stings you.
* * * LOW HITPOINT WARNING * * *
The hound bites you but does no damage.
The gnoll hits you from afar with a +0 spear.
* * * LOW HITPOINT WARNING * * *
Unknown command.
You feel better. You block the killer bee's attack.
The killer bee closely misses you. You block the warg's attack.
The hound bites you but does no damage. The orc wizard barely misses you.
The killer bee stings you.
* * * LOW HITPOINT WARNING * * *
The warg bites you!!
You die...

#.○.☼.°☼○○#
#☼○...☼.○.#
#○○°○..○☼☼#
##.°.☼°○.°.#
.☼°.☼°○○°.°#
..○.hhhh○☼#


..oohyohy.# #gT@hD# #####.### #.☼☼# #..○# #...# #...# #...# #####...#
........)###### You could see a troll (extremely poisoned), 4 wargs, a steam
dragon, an orc warrior, 3 hounds, 2 killer bees, an orc priest, an orc wizard
and a gnoll.

Vanquished Creatures
  Erica (D:8)
  Pikel (D:6)
  A gargoyle (D:9)
  An efreet (D:8)
  A hornet (D:8)
  A wyvern (D:8)
  10 yaks
  A steam dragon (D:6)
  3 water moccasins
  3 black bears
  An orc warrior (D:8)
  2 ogres
  2 centaurs (D:5)
  A phantom (D:5)
  11 scorpions
  A killer bee (D:9)
  2 howler monkeys (D:7)
  A bombardier beetle (D:6)
  3 hounds
  A jelly (D:7)
  3 orc priests
  2 human zombies (Ossuary)
  A sleepcap (D:6)
  4 iguanas
  5 scorpion zombies (Ossuary)
  Terence (D:3)
  5 orc wizards
  3 mummies (Ossuary)
  13 gnolls
  7 adders
  2 white imps
  2 adder zombies (Ossuary)
  3 ribbon worms
  2 dart slugs
  11 orcs
  5 bats
  6 endoplasms
  6 giant cockroaches
  2 gnoll zombies (Ossuary)
  9 goblins
  6 hobgoblins
  2 jackals (D:1)
  6 kobolds
  5 quokkas
  5 ball pythons
  2 ball python zombies (Ossuary)
  3 frilled lizards
  7 jackal zombies (Ossuary)
  4 orc zombies (Ossuary)
  3 rats
183 creatures vanquished.

Vanquished Creatures (others)
  A gnoll sergeant (D:9)
  A gnoll (D:9)
2 creatures vanquished.

Grand Total: 185 creatures vanquished

Notes
Turn   | Place    | Note
-------+----------+-------------------------------------------
     0 | D:1      | boopmooplesden the Armataur Berserker began the quest for
                  | the Orb.
     0 | D:1      | Reached XP level 1. HP: 18/18 MP: 1/1
   138 | D:1      | Reached XP level 2. HP: 25/25 MP: 2/2
   629 | D:1      | Reached XP level 3. HP: 31/31 MP: 3/3
  1326 | D:2      | Found the +7 staff of the Meek {protect, meekguard}
  1365 | D:2      | Reached ** piety under Trog
  1696 | D:2      | Reached XP level 4. HP: 15/38 MP: 4/4
  1949 | D:3      | Found a glowing silver altar of Zin.
  1991 | D:3      | Noticed Terence
  2006 | D:3      | Killed Terence
  2007 | D:3      | Reached XP level 5. HP: 30/45 MP: 5/5
  2165 | D:3      | Found a sparkling altar of Nemelex Xobeh.
  2166 | D:3      | Found a snail-covered altar of Cheibriados.
  2167 | D:3      | Found a radiant altar of Vehumet.
  2744 | D:4      | Noticed an ogre
  2863 | D:4      | Killed an ogre
  2864 | D:4      | Reached skill level 1 in Shields
  2874 | D:4      | Reached XP level 6. HP: 38/51 MP: 6/6
  3075 | D:4      | Found an iron altar of Okawaru.
  3464 | D:4      | Found an ornate altar of the Wu Jian Council.
  4128 | D:5      | Entered Level 5 of the Dungeon
  4134 | D:5      | Found Haitruna's Armour Shop.
  4312 | D:5      | Reached skill level 5 in Long Blades
  4312 | D:5      | Reached skill level 5 in Armour
  4312 | D:5      | Gained mutation: You regenerate magic and health when
                  | rolling toward enemies. (Rampage Regen) [Armataur growth]
  4312 | D:5      | Reached XP level 7. HP: 17/58 MP: 7/7
  4584 | D:5      | Reached *** piety under Trog
  4615 | D:5      | Reached skill level 1 in Stealth
  4716 | D:5      | Found a staircase to the Ecumenical Temple.
  5468 | D:6      | Reached XP level 8. HP: 67/67 MP: 8/8
  5847 | D:6      | Noticed Pikel
  5857 | D:6      | Killed Pikel
  5858 | D:6      | Reached skill level 5 in Fighting
  6178 | D:7      | Reached XP level 9. HP: 74/74 MP: 9/9
  6299 | D:7      | Found a sand-covered staircase.
  6308 | Ossuary  | Entered an ossuary
  7380 | D:8      | Found a hide-covered altar of Uskayaw.
  7381 | D:8      | Noticed a +0 hand axe
  7382 | D:8      | Noticed a +0 dagger
  7388 | D:8      | Found a shimmering altar of Xom.
  7403 | D:8      | Found a stormy altar of Qazlal.
  7420 | D:8      | Reached XP level 10. HP: 83/83 MP: 10/10
  7420 | D:8      | Reached **** piety under Trog
  7932 | D:8      | Reached skill level 5 in Shields
  8048 | D:8      | Noticed Erica
  8113 | D:8      | Killed Erica
  8474 | D:9      | Noticed a gargoyle
  8657 | D:9      | Killed a gargoyle
  8762 | D:9      | Slain by a warg

Illustrated notes

Levels and vault maps discovered:
D:1:      shiori_arrival_maze, layout_basic, hangedman_decor_growths
D:2:      layout_loops_corners
D:3:      layout_basic, lemuel_round_altar,
          chequers_temple_overflow_statue_of_worship, uniq_terence
D:4:      layout_layer_cave, okawaru_ov_weapons_minmay,
          mainiacjoe_overflow_alcove_2
D:5:      layout_gridville, minmay_temple_entry_purple_smoke, serial_shops,
          shop, minmay_fractal_squares_5
D:6:      layout_basic, chequers_jeans, uniq_pikel
D:7:      layout_basic, mainiacjoe_ossuary_entry_dusty_tomb
D:8:      layout_loops_ring, dancing_weapons_uskayaw,
          mainiacjoe_overflow_large_starburst,
          serial_library_hellmonk_open_square, nicolae_the_louvre, uniq_erica
D:9:      lemuel_castle_with_subvaults [lemuel_castle_interior_carwin_2],
          layout_irregular_city, lemuel_zombie_altar_yredelemnul,
          erik_lair_island, enter_bailey_2, minmay_crystal_room,
          minmay_strange_pillars, lemuel_flamethrower_2

Skill      XL: |  1  2  3  4  5  6  7  8  9 10 |
---------------+-------------------------------+-----
Long Blades    | 3 4 5 7 8 9 |  9.6
Fighting       | 3 4 5 6 |  6.8
Armour         | 3 4 5 7 8 9 |  9.6
Dodging        | 2 3 4 |  4.1
Shields        | 1 2 3 4 5 |  5.7
Stealth        | 1 |  1.9

Action                     |  1- 3 |  4- 6 |  7- 9 | 10-12 || total
---------------------------+-------+-------+-------+-------++-------
  Melee: Falchion          |   153 |   178 |   305 |    69 ||   705
         Tailslap          |    14 |    20 |    43 |    15 ||    92
         Punch             |     1 |       |     4 |     1 ||     6
         Scimitar          |       |       |       |    70 ||    70
 Invoke: Berserk           |       |     3 |     9 |     4 ||    16
         Trog's Hand       |       |     1 |     1 |     2 ||     4
    Use: Scroll            |       |     5 |     8 |     4 ||    17
         Potion            |       |       |     2 |     8 ||    10
 Armour: Ring mail         |    83 |    21 |       |       ||   104
         Animal skin       |    12 |       |       |       ||    12
         Scale mail        |       |   126 |   253 |    17 ||   396
         Plate armour      |       |       |       |   226 ||   226
  Dodge: Dodged            |    61 |    85 |   132 |    64 ||   342
  Block: Other             |    34 |    55 |    76 |    10 ||   175
         Reflection        |       |     1 |       |     4 ||     5
         Buckler           |       |       |       |    83 ||    83
